 Dungeon Crawl Stone Soup version 0.31-a0-1074-g0b22e4e0f1 (webtiles) character file.

Game seed: 3360216029300294102

1037 Demosthentine the Poker (level 8, 0/49 (62) HPs)
             Began as a Demonspawn Gladiator on Dec 6, 2023.
             Was an Initiate of Hepliaklqana.
             Killed by divine providence
             ... invoked by Jeremiah
              (15 damage)
             ... on level 6 of the Dungeon.
             The game lasted 00:05:58 (4363 turns).

Demosthentine the Poker (Demonspawn Gladiator)      Turns: 4363, Time: 00:05:59

HP:   0/49 (62)     AC: 10    Str: 16    XL:     8   Next: 4%
MP:   8/8           EV: 13    Int: 11    God:    Hepliaklqana [......]
Gold: 315           SH:  0    Dex: 14    Spells: 7/7 levels left

rFire   . . .        a - +0 trident
rCold   + . .        (no shield)
rNeg    . . .        b - +1 leather armour
rPois   .            (helmet restricted)
rElec   .            i - +2 cloak
rCorr   .            (no gloves)
SInv    .            l - +0 pair of boots
Will    .....        m - amulet of regeneration
Stlth   +            t - ring of protection from cold
HPRegen 1.08/turn    (no ring)
MPRegen 0.11/turn

%: no passive effects
@: heavily drained
A: antennae 2, thin metallic scales 1, foul stench 1
a: Renounce Religion


You were on level 6 of the Dungeon.
You worshipped Hepliaklqana.
Hepliaklqana was noncommittal.
You visited 1 branch of the dungeon, and saw 6 of its levels.

You collected 315 gold pieces.

Inventory:

Hand Weapons
 a - a +0 trident (weapon)
Missiles
 d - 2 throwing nets (quivered)
 e - a javelin
Armour
 b - a +1 leather armour (worn)
 i - a +2 cloak (worn)
 l - a +0 pair of boots (worn)
Jewellery
 m - an amulet of regeneration (around neck)
 t - a ring of protection from cold (left hand)
Wands
 p - a wand of flame (15)
 r - a wand of mindburst (18)
Scrolls
 g - 4 scrolls of teleportation
 j - a scroll of identify
 k - a scroll of poison
 o - a scroll of amnesia
 q - a scroll of fear {unknown}
 u - a scroll of summoning {unknown}
Potions
 h - 2 potions of lignification
 n - 4 potions of attraction
 s - a potion of brilliance


   Skills:
 + Level 5.0 Fighting
 + Level 5.0 Polearms
 - Level 1.7 Throwing
 + Level 4.0 Armour
 + Level 5.0 Dodging


You had 7 spell levels left.
You didn't know any spells.
Your spell library contained the following spells:

 Spells                   Type           Power      Damage    Failure   Level
 Blink                    Tloc           0%         N/A       54%         2
 Lesser Beckoning         Tloc           0%         N/A       54%         2
 Momentum Strike          Conj/Tloc      0%         3d8       54%         2
 Dazzling Flash           Conj/Hex       0%         N/A       77%         3
 Gell's Gravitas          Tloc           0%         N/A       77%         3
 Inner Flame              Hex/Fire       0%         N/A       77%         3
 Teleport Other           Tloc           0%         N/A       77%         3
 Flame Wave               Conj/Fire      0%         2d4       99%         4
 Sticky Flame             Conj/Fire      0%         2d3       99%         4
 Agony                    Necr           0%         N/A       100%        5
 Silence                  Hex/Air        0%         N/A       100%        5
 Yara's Violent Unravell  Hex/Tmut       0%         3d3       100%        5
 Dispersal                Tloc           0%         N/A       100%        6
 Enfeeble                 Hex            0%         N/A       100%        7


Dungeon Overview and Level Annotations

Branches:
Dungeon (6/15)
 Temple: D:4-7

Altars:
Hepliaklqana

Shops:
D:4 (

Annotations:
D:6 Jeremiah


Innate Abilities, Weirdness & Mutations

You have a pair of antennae on your head.
You are partially covered in thin metallic scales. (AC +2)
You may rarely emit foul miasma when damaged in melee.


Message History

Reach: a) +0 trident
Press: ? - help, Dir - move target, f/p - Jeremiah
Aim: Jeremiah, wielding a +4 trident of draining, wearing a +0 robe and wearing an orb of mayhem (lightly wounded, about 45% to evade your +0 trident)
You reach to attack!
You barely miss Jeremiah.
Jeremiah is lightly wounded.
Jeremiah shouts, "O dreadful one, destroy my foe!"
Something smites you!
Reach: a) +0 trident
Press: ? - help, Dir - move target, f/p - Jeremiah
Aim: Jeremiah, wielding a +4 trident of draining, wearing a +0 robe and wearing an orb of mayhem (lightly wounded, about 45% to evade your +0 trident)
You reach to attack!
You puncture Jeremiah!
Jeremiah is moderately wounded.
The butterfly disappears in a burst of colours!
Jeremiah hits you from afar with a +4 trident of draining!
You feel drained.
Reach: a) +0 trident
Press: ? - help, Dir - move target, f/p - Jeremiah
Aim: Jeremiah, wielding a +4 trident of draining, wearing a +0 robe and wearing an orb of mayhem (moderately wounded, about 45% to evade your +0 trident)
You reach to attack!
You puncture Jeremiah!
Jeremiah is heavily wounded.
The butterfly disappears in a burst of colours!
Jeremiah says, "I don't want to hurt you.
Just - go!
Run!"
Jeremiah hits you from afar with a +4 trident of draining!
* * * LOW HITPOINT WARNING * * *
You feel drained.
* * * LOW HITPOINT WARNING * * *
Reach: a) +0 trident
Press: ? - help, Dir - move target, f/p - Jeremiah
Aim: Jeremiah, wielding a +4 trident of draining, wearing a +0 robe and wearing an orb of mayhem (heavily wounded, about 45% to evade your +0 trident)
The butterfly is in the way.
You closely miss the butterfly.
Jeremiah hits you from afar with a +4 trident of draining!
* * * LOW HITPOINT WARNING * * *
You feel drained.
* * * LOW HITPOINT WARNING * * *
You see here 12 gold pieces.
You feel better.
Jeremiah cries, "Fearful master, protect me!"
Something smites you!
You die...
Jeremiah asks, "What happened?
Did... did you die?"

......<.#
.......... ..
........... .(
)......#.## # #.
#.....##.# #.#.
##...## #.#.##
#+## ...<# #.#
,#..# #.# #.@###.#
##.## #b.....#
##...## ##.#####
#.....#### #b#
##...#...# #b#
.......#.#######b#
###.##......{.{bF#
#.##############
#.#


You could see Jeremiah.

Vanquished Creatures
  Edmund (D:4)
  2 black bears
  2 phantoms
  Blork the orc (D:4)
  A kobold brigand (D:5)
  A bullfrog (D:6)
  A scorpion (D:4)
  A jelly (D:6)
  A hound (D:5)
  Crazy Yiuf (D:2)
  2 iguanas (D:4)
  An orc wizard (D:5)
  6 adders
  A white imp (D:6)
  2 worms (D:2)
  3 dart slugs
  10 orcs
  5 endoplasms
  2 giant cockroaches (D:1)
  5 hobgoblins
  3 jackals (D:1)
  3 quokkas
  6 ball pythons
  9 bats
  2 frilled lizards
  8 goblins
  13 kobolds
  4 rats
97 creatures vanquished.

Notes
Turn   | Place    | Note
-------+----------+-------------------------------------------
     0 | D:1      | Demosthentine the Demonspawn Gladiator began the quest for
                  | the Orb.
     0 | D:1      | Reached XP level 1. HP: 16/16 MP: 1/1
   148 | D:1      | Gained mutation: You may rarely emit foul miasma when
                  | damaged in melee. [demonic ancestry]
   148 | D:1      | Reached XP level 2. HP: 21/22 MP: 2/2
   699 | D:1      | Reached skill level 1 in Armour
   731 | D:2      | Reached XP level 3. HP: 23/28 MP: 3/3
  1122 | D:2      | Found a runed translucent door.
  1123 | D:2      | Noticed Crazy Yiuf
  1181 | D:2      | Gained mutation: You have a pair of small antennae on your
                  | head. [demonic ancestry]
  1181 | D:2      | Reached XP level 4. HP: 32/34 MP: 4/4
  1629 | D:2      | Killed Crazy Yiuf
  1858 | D:3      | Noticed a black bear
  1882 | D:3      | Killed a black bear
  1883 | D:3      | Reached XP level 5. HP: 30/41 MP: 5/5
  2675 | D:4      | Found Votiges's Antique Weapon Shoppe.
  2685 | D:4      | Gained mutation: You are partially covered in thin metallic
                  | scales. (AC +2) [demonic ancestry]
  2685 | D:4      | Reached XP level 6. HP: 45/47 MP: 6/6
  2865 | D:4      | Noticed Edmund
  2903 | D:4      | Killed Edmund
  2904 | D:4      | Gained mutation: You have a pair of antennae on your head.
                  | [demonic ancestry]
  2904 | D:4      | Reached XP level 7. HP: 54/54 MP: 7/7
  3165 | D:4      | Noticed Blork the orc
  3183 | D:4      | Killed Blork the orc
  3264 | D:5      | Entered Level 5 of the Dungeon
  4149 | D:6      | Reached skill level 5 in Fighting
  4149 | D:6      | Reached skill level 5 in Polearms
  4163 | D:6      | Reached skill level 5 in Dodging
  4163 | D:6      | Reached XP level 8. HP: 59/62 MP: 8/8
  4187 | D:6      | Found a hazy altar of Hepliaklqana.
  4269 | D:6      | Became a worshipper of Hepliaklqana the Forgotten
  4315 | D:6      | Noticed Jeremiah
  4363 | D:6      | Killed from afar by Jeremiah

Illustrated notes

Levels and vault maps discovered:
D:1:      lemuel_arrival_muddy, layout_loops_cross
D:2:      layout_basic, uniq_crazy_yiuf_cottage
D:3:      layout_basic
D:4:      layout_basic, serial_shops, nicolae_shop_overgrown_old_shop,
          serial_park_tiny_pond, uniq_blork_the_orc, uniq_edmund
D:5:      layout_basic, nicolae_elevator_lobby_asterisk
D:6:      layout_loops_corners, marbit_many_paths,
          nicolae_overflow_two_pavilions, uniq_jeremiah

Skill      XL: |  1  2  3  4  5  6  7 |
---------------+----------------------+-----
Dodging        | 3 4 5 |  5.0
Polearms       | 3 4 5 |  5.0
Armour         | 1 2 3 4 |  4.0
Fighting       | 3 4 5 |  5.0
Throwing       | |  1.7

Action                     |  1- 3 |  4- 6 |  7- 9 || total
---------------------------+-------+-------+-------++-------
  Melee: Trident           |   124 |   148 |   144 ||   416
         Punch             |       |       |     2 ||     2
  Throw: Throwing net      |       |     2 |       ||     2
  Evoke: Wand              |       |       |     6 ||     6
    Use: Scroll            |     3 |     8 |     3 ||    14
         Potion            |       |     1 |     2 ||     3
   Stab: Sleeping          |     5 |     1 |     1 ||     7
         Held in net/web   |       |     3 |       ||     3
 Armour: Leather armour    |    63 |    73 |    80 ||   216
         Skin              |       |    17 |       ||    17
  Dodge: Dodged            |    68 |    74 |    71 ||   213

Table legend: (Time is in decaauts)
 A = Elapsed time spent in this place.
 B = Non-inter-level travel time spent in this place.
 C = Inter-level travel time spent in this place.
 D = Time resting spent in this place.
 E = Time spent auto-exploring this place.
 F = Levels seen in this place.
 G = Mean time per level.
                   A        B        C        D        E       F      G
               +--------+--------+--------+--------+--------+-----+--------+
         Total |   4407 |   4283 |    124 |    100 |   3307 |   6 |  734.5 |
       Dungeon |   4407 |   4283 |    124 |    100 |   3307 |   6 |  734.5 |
               +--------+--------+--------+--------+--------+-----+--------+

Top non-repeatable levels by time:
     D:2: 1060 daAuts
     D:3: 793 daAuts
     D:5: 772 daAuts
     D:1: 735 daAuts
     D:4: 713 daAuts
     D:6: 332 daAuts
